 Dungeon Crawl Stone Soup version 0.25-a0-1130-g3926558f3a (webtiles) character file.

Game seed: 2605047116636960284, levelgen mode: deterministic

8528 MalarOregon the Covert (level 11, -2/94 HPs)
             Began as a Black Draconian Assassin on May 19, 2020.
             Was a High Priest of Fedhas.
             Slain by a seven-headed hydra (5 damage)
             ... on level 2 of the Lair of Beasts.
             The game lasted 00:33:01 (19164 turns).

MalarOregon the Covert (Black Draconian Assassin)  Turns: 19164, Time: 00:33:02

Health: -2/94      AC: 10    Str: 14    XL:     11   Next: 11%
Magic:  15/15      EV: 16    Int: 12    God:    Fedhas [*****.]
Gold:   599        SH:  0    Dex: 15    Spells: 10/10 levels left

rFire    . . .     SeeInvis .   F - +1 dagger (venom)
rCold    . . .     Gourm    .   (no shield)
rNeg     . . .     Faith    +   (armour unavailable)
rPois    .         Spirit   .   f - +2 hat
rElec    +         Reflect  .   b - +0 cloak
rCorr    +         Harm     .   (no gloves)
MR       .....                  (no boots)
Stlth    ++++......             w - amulet of faith {!P}
HPRegen  0.25/turn              n - ring of resist corrosion
MPRegen  0.14/turn              D - ring of wizardry

@: no status effects
A: breathe lightning, unfitting armour, electricity resistance, cold-blooded, AC
+7
a: Breathe Lightning, Wall of Briars, Grow Ballistomycete, Overgrow, Grow Oklob,
Renounce Religion


You were on level 2 of the Lair of Beasts.
You worshipped Fedhas.
Fedhas was extremely pleased with you.
You were not hungry.

You visited 2 branches of the dungeon, and saw 12 of its levels.
You also visited: Sewer.

You collected 821 gold pieces.
You spent 222 gold pieces at shops.

Inventory:

Hand Weapons
 a - a +2 dagger
 c - a +5 dagger
   (You took it off a goblin on level 1 of the Dungeon)
 F - a +1 dagger of venom (weapon)
   (You took it off an orc on level 7 of the Dungeon)
Missiles
 m - 14 poisoned darts
 B - a curare-tipped dart {!f}
 C - 5 silver boomerangs (quivered)
Armour
 b - a +0 cloak (worn)
 f - a +2 hat (worn)
   (You found it on level 1 of the Dungeon)
Jewellery
 n - a ring of resist corrosion (left hand)
   (You found it on level 1 of the Dungeon)
 w - an amulet of faith (around neck) {!P}
   (You found it on level 4 of the Dungeon)
 D - a ring of wizardry (right hand)
   (You found it on level 6 of the Dungeon)
 E - an uncursed amulet of reflection {unknown}
   (You found it on level 10 of the Dungeon)
Wands
 d - a wand of iceblast (7)
   (You bought it in a shop on level 6 of the Dungeon)
 j - a wand of polymorph (6)
   (You found it on level 6 of the Dungeon)
 t - a wand of flame (18)
   (You found it on level 2 of the Lair of Beasts)
Scrolls
 g - 3 scrolls of blinking
 k - 5 scrolls of magic mapping
 p - 2 scrolls of enchant weapon
 q - 8 scrolls of teleportation {@r4}
 v - 5 scrolls of remove curse {@r2}
 G - a scroll of enchant armour
 J - 2 scrolls of identify {@r1}
Potions
 h - 4 potions of ambrosia
 i - 5 potions of brilliance
 l - a potion of berserk rage
 o - a potion of flight
 r - 2 potions of heal wounds {unknown}
 s - a potion of stabbing {unknown}
 u - 2 potions of magic {unknown}
 x - 4 potions of curing {@q1}
 z - a potion of might {unknown}
 A - a potion of resistance {unknown}
 H - 2 potions of haste {unknown}
 I - a potion of mutation {unknown}
 K - 2 potions of invisibility {unknown}
Miscellaneous
 y - a phial of floods
   (You found it on level 5 of the Dungeon)
Comestibles
 e - 28 rations {!d}


   Skills:
 + Level 8.2 Fighting
 + Level 7.6 Short Blades
 + Level 6.8 Throwing
 + Level 6.6 Dodging
 + Level 8.2 Stealth
 + Level 6.4 Invocations


You had 10 spell levels left.
You didn't know any spells.
Your spell library contained the following spells:

 Spells                   Type           Power        Failure   Level  Hunger
 Animate Skeleton         Necr           N/A          13%         1    ##.....
 Apportation              Tloc           #.....       13%         1    ##.....
 Beastly Appendage        Tmut           #.....       13%         1    ##.....
 Corona                   Hex            #......      13%         1    ##.....
 Sandblast                Erth           #.....       13%         1    ##.....
 Summon Small Mammal      Summ           #...         13%         1    ##.....
 Passwall                 Tmut/Erth      #.......     21%         2    ###....
 Sticks to Snakes         Tmut           #.......     21%         2    ###....
 Spider Form              Tmut/Pois      #.........   36%         3    ####...
 Stone Arrow              Conj/Erth      #.....       36%         3    ####...
 Ice Form                 Ice/Tmut       #.......     75%         4    #####..
 Petrify                  Tmut/Erth      #.......     75%         4    #####..
 Blade Hands              Tmut           #.........   97%         5    ######.
 Lee's Rapid Deconstruct  Erth           #.........   97%         5    ######.


Dungeon Overview and Level Annotations

Branches:
Dungeon (10/15)            Temple (0/1) D:6            Lair (2/6) D:10
 Spider (0/4) Lair:2        Sewer (visited)
  Swamp: Lair:2-4    Shoals: Lair:2-4       Orc: D:9-12

Altars:
Ashenzari
Elyvilon
Fedhas
Nemelex Xobeh
Qazlal
Sif Muna
Wu Jian
Yredelemnul
Zin
The Shining One

Shops:
D:6 *   D:8 =

Annotations:
D:10 1 runed translucent door, Kagrunu's ghost, journeyman OpWz


Innate Abilities, Weirdness & Mutations

You can breathe wild blasts of lightning.
Your glossy black scales are hard. (AC +7)
You cannot fit into any form of body armour.
You are resistant to electric shocks. (rElec)
You are cold-blooded and may be slowed by cold attacks.


Message History

The silver boomerang hits the seven-headed hydra!
Throwing (i - inventory. (/) - cycle)
C - 5 silver boomerangs (quivered)
Aim: a seven-headed hydra (moderately wounded)
You throw a silver boomerang.
The silver boomerang completely misses the seven-headed hydra.
The seven-headed hydra barely misses you.
The seven-headed hydra bites you! The seven-headed hydra bites you.
The seven-headed hydra bites you!
The seven-headed hydra completely misses you.
The seven-headed hydra closely misses you.
The seven-headed hydra bites you.
The mass of ice explodes!
The iceblast engulfs the seven-headed hydra!!
You hear a loud, deep croak!
You hear an angry buzzing noise.
The seven-headed hydra bites you but does no damage.
The seven-headed hydra bites you!
The seven-headed hydra closely misses you.
The seven-headed hydra barely misses you.
The seven-headed hydra bites you but does no damage.
The seven-headed hydra barely misses you. x2
Unknown command.
The mass of ice explodes!
The iceblast engulfs the seven-headed hydra!
You hear an angry buzzing noise.
The seven-headed hydra bites you.
* * * LOW HITPOINT WARNING * * *
The seven-headed hydra closely misses you.
The seven-headed hydra barely misses you.
The seven-headed hydra bites you!
* * * LOW HITPOINT WARNING * * *
The seven-headed hydra bites you.
* * * LOW HITPOINT WARNING * * *
The seven-headed hydra bites you.
* * * LOW HITPOINT WARNING * * *
The seven-headed hydra closely misses you.
Unknown command.
The mass of ice explodes!
The iceblast engulfs the seven-headed hydra!
You hear a screech!
The seven-headed hydra misses you.
The seven-headed hydra bites you but does no damage.
The seven-headed hydra bites you!
* * * LOW HITPOINT WARNING * * *
The seven-headed hydra bites you!
* * * LOW HITPOINT WARNING * * *
The seven-headed hydra bites you.
* * * LOW HITPOINT WARNING * * *
The seven-headed hydra bites you.
You die...
Fedhas appreciates your contribution to the ecosystem.

.....#..#P....#
....P#.##P.P..##
........##.#...#####. #
.....#.P##........... ..
........###...PP.#. ..P
.......##......##.# ....
........##.....##.#.....
........................
........##......@D.#.#.
..####..##.....#......>.
^...##...........!......
.##...####.##.#####..(.#
.^..### ###..P# ###..
#^.### #...# # ###..#
.#. # #.^^## .^#.^#


You could see a seven-headed hydra.

Vanquished Creatures
  A gargoyle (D:10)
  Maggie (D:8)
  A jumping spider (Lair:2)
  Prince Ribbit (D:7)
  2 hippogriffs (Lair:1)
  A wyvern (D:9)
  17 yaks
  A hungry ghost (D:10)
  Grum (D:8)
  2 water moccasins (Lair:1)
  3 porcupines
  5 orc warriors
  Purgy (Sewer)
  A black bear (D:9)
  A phantom (D:8)
  5 ogres
  4 wolves
  A centaur (D:10)
  4 crocodiles
  3 bullfrogs
  A big kobold (D:10)
  3 electric eels
  3 crimson imps
  2 bullfrog zombies
  A quasit (D:10)
  3 jellies
  3 gnoll shamans (D:5)
  5 orc priests
  A bullfrog skeleton (D:6)
  4 hounds
  Jessica (D:2)
  An iguana (D:5)
  6 orc wizards
  3 worker ants
  A killer bee zombie (D:9)
  A hound zombie (D:8)
  34 gnolls (D:5)
  A howler monkey zombie (D:6)
  A worker ant zombie (D:9)
  A howler monkey skeleton (D:2)
  8 adders
  2 shadow imps
  2 worms (D:4)
  3 dart slugs
  4 leopard geckos
  30 orcs
  A ball python (D:3)
  8 bats
  7 giant cockroaches
  7 hobgoblins
  19 jackals
  4 quokkas
  7 frilled lizards
  5 goblins
  10 kobolds
  A leopard gecko skeleton (D:4)
  5 rats
255 creatures vanquished.

Vanquished Creatures (others)
  6 plants (D:10)
6 creatures vanquished.

Grand Total: 261 creatures vanquished

Notes
Turn   | Place    | Note
-------+----------+-------------------------------------------
     0 | D:1      | MalarOregon the Draconian Assassin began the quest for the
                  | Orb.
     0 | D:1      | Reached XP level 1. HP: 17/17 MP: 1/1
   262 | D:1      | Reached skill level 1 in Dodging
   392 | D:1      | Reached XP level 2. HP: 25/25 MP: 2/2
   970 | D:1      | Reached XP level 3. HP: 30/30 MP: 3/3
  1155 | D:2      | Noticed Jessica
  1163 | D:2      | Killed Jessica
  1391 | D:2      | Reached XP level 4. HP: 37/37 MP: 4/4
  1618 | D:3      | Found a basalt altar of Yredelemnul.
  1625 | D:3      | Found a shimmering blue altar of Sif Muna.
  1634 | D:3      | Found a shattered altar of Ashenzari.
  1692 | D:3      | Found a glowing drain.
  1768 | Sewer    | Entered a sewer
  1868 | Sewer    | Noticed Purgy
  1878 | Sewer    | Killed Purgy
  1878 | Sewer    | Reached XP level 5. HP: 20/45 MP: 5/5
  2225 | D:3      | Found a faded altar of an unknown god.
  3124 | D:3      | Reached XP level 6. HP: 30/51 MP: 6/6
  4111 | D:4      | Found a white marble altar of Elyvilon.
  4293 | D:5      | Entered Level 5 of the Dungeon
  4410 | D:5      | Found a blossoming altar of Fedhas.
  4422 | D:5      | Became a worshipper of Fedhas Madash
  4466 | D:5      | Your scales start taking on a glossy black colour.
  4466 | D:5      | Reached XP level 7. HP: 59/59 MP: 7/7
  4466 | D:5      | Gained mutation: You are resistant to electric shocks.
                  | (rElec) [Black Draconian growth]
  4525 | D:5      | Reached skill level 5 in Stealth
  5058 | D:5      | Reached * piety under Fedhas
  5749 | D:5      | Reached XP level 8. HP: 67/67 MP: 8/8
  5776 | D:5      | Reached ** piety under Fedhas
  6172 | D:5      | Reached skill level 5 in Fighting
  6487 | D:5      | Found a blossoming altar of Fedhas.
  6583 | D:5      | Reached skill level 1 in Invocations
  7412 | D:5      | Found a blossoming altar of Fedhas.
  7884 | D:6      | Found an ornate altar of the Wu Jian Council.
  7991 | D:6      | Found a staircase to the Ecumenical Temple.
  8189 | D:6      | Found Kaegig's Assorted Antiques.
  8193 | D:6      | Bought a sedimented amethyst potion for 23 gold pieces
  8193 | D:6      | Bought a scroll labeled UTZEOB UNUFREA for 26 gold pieces
  8193 | D:6      | Bought a fuming blue potion for 23 gold pieces
  8193 | D:6      | Bought a glass wand for 104 gold pieces
  8193 | D:6      | Bought 2 fuming blue potions for 46 gold pieces
  8539 | D:6      | Reached skill level 5 in Short Blades
  9254 | D:7      | Noticed Prince Ribbit
  9293 | D:7      | Killed Prince Ribbit
  9293 | D:7      | Reached XP level 9. HP: 33/75 MP: 11/11
  9883 | D:7      | Found a glowing silver altar of Zin.
 10029 | D:8      | Noticed Maggie
 10043 | D:8      | HP: 1/75 [Maggie/+0 morningstar (9)]
 10045 | D:8      | Killed Maggie
 10045 | D:8      | Reached *** piety under Fedhas
 10045 | D:8      | Reached skill level 5 in Throwing
 10501 | D:8      | Noticed Grum
 10559 | D:7      | Reached skill level 5 in Dodging
 10832 | D:8      | Killed Grum
 11128 | D:8      | Found Muareess's Jewellery Shoppe.
 11197 | D:8      | Found a sparkling altar of Nemelex Xobeh.
 12483 | D:9      | Found a glowing golden altar of the Shining One.
 12703 | D:9      | Found a stormy altar of Qazlal.
 13615 | D:10     | Entered Level 10 of the Dungeon
 13783 | D:10     | Found a runed translucent door.
 13800 | D:10     | Reached **** piety under Fedhas
 13823 | D:10     | Noticed Kagrunu's ghost (journeyman OpWz)
 13825 | D:10     | Identified the +5 spear of Rays {protect, rPois Str-5
                  | Dex+8}
 13828 | D:10     | Noticed a spriggan rider
 13858 | D:10     | Reached XP level 10. HP: 79/86 MP: 13/13
 13894 | D:10     | Learned a level 2 spell: Sticks to Snakes
 13933 | D:10     | Noticed a gargoyle
 13956 | D:10     | Killed a gargoyle
 14168 | D:10     | Reached skill level 5 in Invocations
 15286 | D:10     | Found a staircase to the Lair.
 15529 | Lair:1   | Entered Level 1 of the Lair of Beasts
 15838 | Lair:1   | HP: 3/88 [hippogriff (10)]
 15860 | Lair:1   | HP: 2/88 [hippogriff (7)]
 17740 | Lair:1   | Reached ***** piety under Fedhas
 18196 | Lair:1   | Reached XP level 11. HP: 15/94 MP: 15/15
 19035 | Lair:2   | Found a hole to the Spider Nest.
 19156 | Lair:2   | Noticed a seven-headed hydra
 19164 | Lair:2   | HP: 3/94 [seven-headed hydra (2)]
 19164 | Lair:2   | Slain by a seven-headed hydra

Illustrated notes

Levels and vault maps discovered:
D:1:      dpeg_arrival_subterranean_lakeside_camping, layout_basic
D:2:      layout_rooms, first_ration, uniq_jessica
D:3:      layout_loops_corners, grunt_temple_overflow_diamond,
          chequers_ecumenical_altar_simple_redux, portal_sewer_entry_f
D:4:      layout_cave_pods, marbit_many_paths
D:5:      lemuel_castle_with_subvaults [lemuel_castle_interior_carwin_3],
          layout_cave_pools, fedhas_altar_fruit_tree
D:6:      layout_basic, lemuel_coloured_pillars_altar,
          minmay_temple_entry_nine_rooms, serial_shops, nicolae_shop_trees,
          minmay_crystal_water
D:7:      layout_rooms, zin_statuary, uniq_prince_ribbit1
D:8:      layout_basic, lemuel_doored_altar, special_room [special_room_orc],
          serial_shops, shop, uniq_grum, uniq_maggie
D:9:      layout_basic, kennysheep_little_box, nicolae_overflow_hidden_temple
D:10:     layout_basic, lair_entry_dummy, ebering_ghost_funeral_grove,
          minmay_tree_intersection
Lair:1:   layout_layer_cave, grunt_megastairs_5, lemuel_fruit_tree,
          serial_bayou_shore_a
Lair:2:   layout_loops_ring, swamp_mist_pool, spider_nest_entry_rubble,
          special_room [special_room_bee], infiniplex_staircase_pool_2,
          uniq_nergalle

Skill      XL: |  1  2  3  4  5  6  7  8  9 10 |
---------------+-------------------------------+-----
Dodging        | 1 2 3 4 5 6 |  6.6
Throwing       | 2 3 4 5 6 |  6.8
Stealth        | 4 5 6 7 8 |  8.2
Fighting       | 3 4 5 7 8 |  8.2
Short Blades   | 3 4 5 6 7 |  7.6
Invocations    | 3 4 6 |  6.4

Action                   |  1- 3 |  4- 6 |  7- 9 | 10-12 || total
-------------------------+-------+-------+-------+-------++-------
Melee: Dagger            |    45 |   240 |   582 |   353 ||  1220
       Tailslap          |     3 |    20 |    83 |    64 ||   170
Throw: Dart              |    46 |    24 |   124 |       ||   194
       Boomerang         |       |       |       |    16 ||    16
 Abil: Breathe Lightning |       |       |     2 |       ||     2
Evoke: Wand              |       |       |     3 |     3 ||     6
       Phial of floods   |       |       |     1 |       ||     1
  Use: Scroll            |       |    13 |     4 |     1 ||    18
       Potion            |       |       |       |     2 ||     2
 Stab: Sleeping          |     6 |    12 |     9 |     5 ||    32
       Distracted        |     1 |       |       |     1 ||     2
  Eat: Chunk             |     1 |    10 |    27 |    18 ||    56
       Ration            |       |       |     1 |     1 ||     2
Armor: Skin              |    14 |   113 |   143 |    55 ||   325
Dodge: Dodged            |    15 |   131 |   341 |   203 ||   690

Table legend:
 A = Non-vault XP
 B = Vault XP
 C = Vault XP percentage of total XP
 D = Non-vault monster count
 E = Vault monster count
 F = Vault count percentage of total count
                 A         B        C        D         E       F
            +---------+---------+-------+---------+---------+-------
      Total |    8944 |    3239 |  26.6 |     156 |      99 |  38.8
            +---------+---------+-------+---------+---------+-------
        D:1 |      34 |       9 |  20.9 |      17 |       6 |  26.1
        D:2 |      21 |      37 |  63.8 |       8 |       1 |  11.1
        D:3 |      97 |      13 |  11.8 |      18 |       5 |  21.7
        D:4 |     283 |       5 |   1.7 |      22 |       1 |   4.3
        D:5 |     266 |     744 |  73.7 |       8 |      52 |  86.7
        D:6 |     598 |       0 |   0.0 |      13 |       0 |   0.0
        D:7 |     531 |     509 |  48.9 |      14 |       3 |  17.6
        D:8 |     148 |    1302 |  89.8 |       2 |      23 |  92.0
        D:9 |     532 |       0 |   0.0 |       8 |       0 |   0.0
       D:10 |    2994 |       0 |   0.0 |      25 |       0 |   0.0
     Lair:1 |    3047 |     145 |   4.5 |      18 |       1 |   5.3
     Lair:2 |     393 |     323 |  45.1 |       3 |       1 |  25.0
      Sewer |       0 |     152 | 100.0 |       0 |       6 | 100.0
            +---------+---------+-------+---------+---------+-------
